 Dungeon Crawl Stone Soup version 0.16-a0-296-gbdb9f68 (webtiles) character file.

79 Kashira the Sneak (level 4, -2/38 HPs)
             Began as a Naga Enchanter on Aug 29, 2014.
             Killed by divine providence
             ... invoked by an orc priest
              (12 damage)
             ... on Level 3 of the Dungeon.
             The game lasted 00:12:14 (3289 turns).

Kashira the Sneak (Naga Enchanter)                  Turns: 3289, Time: 00:12:14

HP  -2/38        AC  3     Str 10      XL: 4   Next: 37%
MP   1/8         EV 10     Int 21      God:
Gold 128         SH  0     Dex 12      Spells:  3 memorised,  2 levels left

rFire  . . .     SeeInvis +     m - +1 short sword (venom)
rCold  . . .     Clarity  .     b - +1 robe
rNeg   . . .     rCorr    .     (no shield)
rPois  +         rRot     .     (no helmet)
rElec  .         Spirit   .     (no cloak)
SustAb .         Warding  .     (no gloves)
rMut   .         Stasis   .     (no barding)
Gourm  .                        (no amulet)
MR     .....                    (no ring)
                                (no ring)

@: brilliant, bonded with blade, very slightly contaminated, very slow, not
resistant to hostile enchantments, fairly stealthy
A: spit poison, see invisible, deformed body, poison resistance, slowness 2, AC
+1
a: Spit Poison


You were on level 3 of the Dungeon.
You were not hungry.

You visited 1 branch of the dungeon, and saw 3 of its levels.

You collected 128 gold pieces.

Inventory:

Hand weapons
 a - a +1 dagger
 m - a +1 short sword of venom (weapon)
 r - a +0 hunting sling
Missiles
 k - 15 poisoned needles
 s - 11 sling bullets
Armour
 b - a +1 robe (worn)
Comestibles
 d - 4 bread rations
 u - a slice of pizza
 w - a chunk of kobold flesh
Scrolls
 e - a scroll of remove curse {unknown}
 h - 2 scrolls of random uselessness {unknown}
 i - 2 scrolls of teleportation {unknown}
 o - a scroll of noise {unknown}
 p - 2 scrolls of amnesia {unknown}
 q - a scroll of fog {unknown}
Potions
 f - a potion of cancellation {unknown}
 g - a potion of agility {unknown}
 j - a potion of mutation {unknown}
 l - a potion of curing {unknown}
 n - a potion of beneficial mutation {unknown}
 t - a potion of brilliance
 v - a potion of haste {unknown}
Books
 c - a book of Maledictions

   Spells                             Type                      Level
   *Corona                            Hexes                        1
   *Sure Blade                        Hexes/Charms                 2
   Ensorcelled Hibernation            Hexes/Ice                    2
   *Confuse                           Hexes                        3
   Dazzling Spray                     Conjuration/Hexes            3
   Enslavement                        Hexes                        4


   Skills:
 + Level 1.0 Fighting
 + Level 1.3 Short Blades
 + Level 2.0 Dodging
 + Level 4.8 Stealth
 + Level 2.6 Spellcasting
 + Level 3.5 Hexes
 + Level 0.8 Charms


You had 2 spell levels left.
You knew the following spells:

 Your Spells              Type           Power        Failure   Level  Hunger
a - Corona                Hex            ####...      1%          1    None
b - Sure Blade            Hex/Chrm       ###.......   1%          2    ##.....
c - Confuse               Hex            ####....     1%          3    ###....


Dungeon Overview and Level Annotations

Branches:
Dungeon (3/15)

Altars:
Cheibriados
Fedhas
Trog
Yredelemnul


Innate Abilities, Weirdness & Mutations

You cannot wear boots.
You can spit poison.
Your serpentine skin is tough (AC +1).
You have supernaturally acute eyesight.
Armour fits poorly on your strangely shaped body.
Your system is resistant to poisons.
You cover ground very slowly.


Message History

Casting: Confuse
Confirm with . or Enter, or press ? or * to list all spells.
You don't have enough magic to cast that spell.
You hit the orc priest.
The orc priest is poisoned.
The orc priest is lightly wounded.
The orc priest hits you with a morningstar.
You hit the orc priest.
The orc priest is moderately wounded.
The orc priest hits you with a morningstar!
* * * LOW HITPOINT WARNING * * *
Drink which item? (? for menu, Esc to quit)
You feel clever all of a sudden.
It was a potion of brilliance.
The orc wizard mumbles some strange words.
The orc wizard flickers and vanishes for a moment.
You barely miss the orc priest.
The orc priest is heavily wounded.
The orc priest mumbles some strange prayers to Beogh against you.
Something smites you!
You die...

###.#####.####### ###
#.# ####.######
#....(....+
####..)...# #......#
####(.....#
#.........########
+....)...oo@.....+
#...#.....#####.##
#...#.....#####+##....
#...#.........oo.?....
#...#####......o......
.. #...o........
#######+#####


You could see an orc priest and an orc wizard (invisible).

Vanquished Creatures
  2 adders (D:2)
  A worm (D:2)
  2 orcs (D:3)
  A giant cockroach (D:1)
  7 hobgoblins
  9 jackals
  11 kobolds
  A quokka (D:2)
  2 ball pythons (D:1)
  5 bats
  2 giant newts
  5 goblins
  6 rats
54 creatures vanquished.

Notes
Turn   | Place    | Note
--------------------------------------------------------------
     0 | D:1      | Kashira, the Naga Enchanter, began the quest for the Orb.
     0 | D:1      | Reached XP level 1. HP: 15/15 MP: 3/3
   467 | D:1      | Reached XP level 2. HP: 16/22 MP: 2/4
   670 | D:1      | Learned a level 2 spell: Sure Blade
  1330 | D:1      | Reached XP level 3. HP: 28/28 MP: 1/6
  1634 | D:2      | Learned a level 3 spell: Confuse
  2096 | D:2      | Reached skill level 1 in Fighting
  2096 | D:2      | Reached XP level 4. HP: 28/38 MP: 2/8
  2525 | D:2      | Found a basalt altar of Yredelemnul.
  3038 | D:2      | Found a blossoming altar of Fedhas.
  3040 | D:2      | Found a bloodstained altar of Trog.
  3040 | D:2      | Found a snail-covered altar of Cheibriados.
  3289 | D:3      | Killed from afar by an orc priest

Action                   |  1- 3 |  4- 6 || total
-------------------------+-------+-------++-------
Melee: Dagger            |   138 |     2 ||   140
       Short sword       |       |    25 ||    25
 Cast: Corona            |    22 |     9 ||    31
       Sure Blade        |    14 |     5 ||    19
       Confuse           |     3 |     3 ||     6
  Use: Potion            |       |     1 ||     1
 Stab: Sleeping          |     1 |     1 ||     2
  Eat: Chunk             |     4 |     6 ||    10
